 Dungeon Crawl Stone Soup version 0.18.1-50-g88ac8fd (webtiles) character file.

71681 Aleksmastering the Carver (level 14, -1/116 HPs)
             Began as a Demonspawn Fighter on Sept 23, 2016.
             Splashed by an oklob plant's acid (6 damage)
             ... on level 6 of the Lair of Beasts.
             The game lasted 01:57:17 (21870 turns).

Aleksmastering the Carver (Demonspawn Fighter)     Turns: 21870, Time: 01:57:18

Health: -1/116     AC:  6    Str: 38      XL:     14   Next: 98%
Magic:  23/23      EV: 14    Int: 11 (13) God:
Gold:   880        SH:  0    Dex: 13      Spells: 0 memorised, 13 levels left

rFire  + . .     SeeInvis .     t - +7 short sword of Power {venom, rPois rF+ MP+9}
rCold  + . .     Gourm    .     E - +1 ring mail "Noac" {rC+ Str+3 Slay+5}
rNeg   . . .     Faith    .     (no shield)
rPois  +         Spirit   .     L - +0 helmet
rElec  .         Dismiss  .     T - +2 cloak
rCorr  .         Reflect  .     i - +0 pair of gloves of Caibboas {Int+3}
SustAt .         Harm     .     N - +2 pair of boots
MR     +....                    o - amulet of rage
Stlth  +.........               J - +5 ring of strength
                                S - +4 ring of strength

@: mighty, about to teleport, corroded, very slightly contaminated, hasted,
invisible, very quick, somewhat resistant to hostile enchantments, very
unstealthy
A: hooves 2, repulsion field 1, powered by death 2, powered by pain 1
a: Evoke Berserk Rage


You were on level 6 of the Lair of Beasts.
You were not hungry.

You visited 5 branches of the dungeon, and saw 22 of its levels.

You collected 1039 gold pieces.
You spent 159 gold pieces at shops.

Inventory:

Hand Weapons
 t - the +7 short sword of Power (weapon) {venom, rPois rF+ MP+9}
   (You found it on level 7 of the Lair of Beasts)

   It poisons the flesh of those it strikes.
   It protects you from fire.
   It protects you from poison.
   It affects your magic capacity (+9).
 V - a +2 scimitar of flaming
Armour
 i - the +0 pair of gloves of Caibboas (worn) {Int+3}
   (You acquired it on level 5 of the Lair of Beasts)

   It affects your intelligence (+3).
 p - the +3 buckler of the Bulwark {rPois Str+9 Stlth-}
   (You took it off a red devil on level 8 of the Lair of Beasts)

   It affects your strength (+9).
   It protects you from poison.
   It makes you less stealthy.
 E - the +1 ring mail "Noac" (worn) {rC+ Str+3 Slay+5}
   (You found it on level 4 of the Dungeon)

   It affects your strength (+3).
   It affects your accuracy and damage with ranged weapons and melee attacks
   (+5).
   It protects you from cold.
 L - a +0 helmet (worn)
 N - a +2 pair of boots (worn)
 P - the +1 ring mail of the Depths {rPois Dex+3 Slay+4 Stlth-}
   (You found it on level 1 of the Lair of Beasts)

   It affects your dexterity (+3).
   It affects your accuracy and damage with ranged weapons and melee attacks
   (+4).
   It protects you from poison.
   It makes you less stealthy.
 T - a +2 cloak (worn)
Jewellery
 b - the ring of Liberty {rC+ Int+3}
   (You found it on level 5 of the Lair of Beasts)

   [ring of protection from cold]

   It affects your intelligence (+3).
   It protects you from cold.
 l - an uncursed ring of sustain attributes
 o - an amulet of rage (around neck)
 J - a +5 ring of strength (right hand)
 K - an uncursed ring of positive energy
 M - the ring of Xom's Wantonness {MR+ Str-5 Dex+3 SInv}
   (You found it on level 8 of the Lair of Beasts)

   [ring of see invisible]

   It affects your strength (-5).
   It affects your dexterity (+3).
   It affects your resistance to hostile enchantments.
   It lets you see invisible.
 S - a +4 ring of strength (left hand)
Wands
 c - a wand of acid (9/15)
 A - a wand of flame (11/48)
 H - a wand of paralysis (5/24)
 Q - a wand of iceblast (5/15)
Scrolls
 e - a scroll of brand weapon
 q - a scroll of enchant weapon
 r - 4 scrolls of immolation
 v - 2 scrolls of recharging
 x - a scroll of fog
 y - 4 scrolls of enchant armour
 z - 9 scrolls of remove curse
 D - 3 scrolls of fear
 G - 3 scrolls of teleportation
 I - 7 scrolls of amnesia
 Y - a scroll of magic mapping
Potions
 a - 3 potions of flight
 d - 2 potions of might
 g - 6 potions of curing
 h - a potion of haste
 j - 2 potions of agility
 k - 2 potions of brilliance
 u - 3 potions of cancellation
 w - a potion of cure mutation
 B - a potion of magic
 R - 2 potions of mutation
 W - 3 potions of heal wounds
Comestibles
 f - 9 bread rations
 m - 4 beef jerkies
 n - 8 slices of pizza
 s - 13 meat rations
 F - 2 royal jellies
 Z - 27 fruits


   Skills:
 + Level 12.5 Fighting
 + Level 2.4(9.4) Short Blades
 + Level 13.6(13.7) Long Blades
 + Level 10.2 Armour
 - Level 3.2 Dodging
 - Level 1.1 Stealth
 + Level 13.4 Shields
 - Level 0.8 Evocations


You had 13 spell levels left.
You didn't know any spells.

Dungeon Overview and Level Annotations

Branches:
Dungeon (11/15)            Temple (1/1) D:7            Lair (8/8) D:8
  Swamp (0/4) Lair:6       Spider (1/4) Lair:6        Slime (1/6) Lair:6
    Orc: D:9-12

Altars:
Ashenzari
Cheibriados
Dithmenos
Elyvilon
Fedhas
Gozag
Kikubaaqudgha
Makhleb
Nemelex Xobeh
Okawaru
Pakellas
Qazlal
Ru
Sif Muna
Trog
Vehumet
Xom
Yredelemnul
Zin
The Shining One

Shops:
D:5 *

Portals:
Hell: Lair:8

Annotations:
Lair:6 exclusion: 4 oklob plants
Lair:8 schammes's ghost, journeyman OpAs


Innate Abilities, Weirdness & Mutations

You have hoof-like feet.
You are surrounded by a mild repulsion field (EV +2).
You regenerate health from kills.
You sometimes gain a little power by taking damage.


Message History

Level annotation: exclusion: 4 oklob plants The oklob plant spits acid at you.
The splash of acid hits you! The acid corrodes you!
The acid burns!
The oklob plant spits acid at you. The splash of acid hits you!
The acid corrodes you!
The acid burns!
There is a staircase to the Slime Pits here.
As you read the scroll of teleportation, it crumbles to dust.
You feel strangely unstable. The slime creature barely misses you.
The slime creature hits you!
* * * LOW HITPOINT WARNING * * *
The oklob plant spits acid at you. The splash of acid hits you!
* * * LOW HITPOINT WARNING * * *
The acid burns!
* * * LOW HITPOINT WARNING * * *
The oklob plant spits acid at you. The splash of acid hits you!
* * * LOW HITPOINT WARNING * * *
The acid corrodes you!
The acid burns!
You die...

#.###...## #...## ##
### #.#.# #....# #
###..#######..### #
#P....#.#.#...P# #
#.......#.....## ####
#.#............####P##
##....J..........##...
##.JPPP.......!.......
*#....@J...............
#....P.J..........P....
##...J...........#.....
#...............###.P..
##..............# ###..
#....#.........## ##.
##.............P#####.
#....#.P)#............
*,#.##*##.............


You could see 5 slime creatures and 4 oklob plants.

Vanquished Creatures
  Rupert (Lair:4)
  Maud (Lair:8)
  The ghost of Rooftrellin the Carver, a journeyman DsFi (Lair:4)
  A dire elephant (Lair:8)
  The ghost of Flanowski the Earth Mage, a journeyman GrEE of Vehumet (Lair:8)
  The ghost of Tagedieb the Jinx, a journeyman OpEn of Dithmenos (Lair:6)
  Fannar (Lair:2)
  Harold (D:10)
  6 hydras
  Erica (D:8)
  7 death yaks
  Sonja (D:10)
  2 fire crabs
  An unseen horror (D:11)
  A wizard (Lair:8)
  A hill giant (D:10)
  An orb spider (Spider:1)
  An oklob plant (Lair:2)
  A wolf spider (Spider:1)
  A griffon (Lair:2)
  A sixfirhy (Lair:8)
  An ugly thing (D:10)
  20 elephants
  8 black mambas
  A smoke demon (Lair:8)
  4 orange demons (Lair:8)
  16 spiny frogs
  6 rime drakes
  8 komodo dragons
  A red devil (Lair:8)
  5 ice devils (Lair:8)
  A hellwing (Lair:8)
  A troll (D:10)
  3 polar bears (Lair:4)
  26 blink frogs
  A redback (Spider:1)
  4 tarantellas (Spider:1)
  64 yaks
  5 basilisks
  Grum (D:10)
  10 hippogriffs
  12 water moccasins
  14 porcupines
  Duvessa (D:5)
  2 black bears
  2 orc warriors
  A phantom (D:6)
  A wasp (D:8)
  2 sky beasts
  The ghost of Nordron the Ruffian, an amateur NaTm (D:4)
  A centaur (D:10)
  5 ogres
  15 wolves
  14 crocodiles
  3 big kobolds (D:9)
  17 giant frogs
  Dowan (D:5)
  A gnoll sergeant (D:9)
  3 electric eels
  3 howler monkeys
  3 crimson imps
  2 giant frog zombies
  A centaur zombie (D:10)
  Crazy Yiuf (D:7)
  3 hounds
  6 jellies
  2 centaur skeletons (D:7)
  9 orc priests
  9 orc wizards
  A giant frog skeleton (D:6)
  13 iguanas
  Natasha (D:2)
  8 worker ants
  15 sheep
  A hound zombie (D:5)
  2 worker ant zombies (D:10)
  Robin (D:4)
  12 gnolls
  13 adders
  68 river rats
  4 shadow imps
  2 adder skeletons
  2 worms
  2 dart slugs
  4 giant geckos
  27 orcs
  A ball python (D:1)
  6 giant cockroaches
  14 goblins
  14 hobgoblins
  14 jackals
  8 kobolds
  9 quokkas
  16 bats
  9 giant newts
  6 rats
  A bush (Lair:6)
  5 fungi
  7 plants
640 creatures vanquished.

Vanquished Creatures (others)
  28 fungi
  23 plants
51 creatures vanquished.

Grand Total: 691 creatures vanquished

Notes
Turn   | Place    | Note
--------------------------------------------------------------
     0 | D:1      | Aleksmastering the Demonspawn Fighter began the quest for the Orb.
     0 | D:1      | Reached XP level 1. HP: 18/18 MP: 1/1
   199 | D:1      | Gained mutation: You have large cloven feet. [demonic ancestry]
   199 | D:1      | Reached XP level 2. HP: 24/24 MP: 2/2
   449 | D:1      | Gained mutation: You sometimes gain a little power by taking damage. [demonic ancestry]
   449 | D:1      | Reached XP level 3. HP: 29/29 MP: 3/3
   490 | D:2      | Found a snail-covered altar of Cheibriados.
   973 | D:2      | Found an iron altar of Okawaru.
   973 | D:2      | Found a sparkling altar of Nemelex Xobeh.
   973 | D:2      | Found a basalt altar of Yredelemnul.
   973 | D:2      | Found a stormy altar of Qazlal.
   974 | D:2      | Found a sacrificial altar of Ru.
  1228 | D:2      | Found a radiant altar of Vehumet.
  1231 | D:2      | Identified Vehumet's Papyrus of Attacks
  1233 | D:2      | Found an ancient bone altar of Kikubaaqudgha.
  1234 | D:2      | Found a deep blue altar of Sif Muna.
  1442 | D:2      | Noticed Natasha
  1448 | D:2      | Killed Natasha
  1448 | D:2      | Reached skill level 1 in Dodging
  1448 | D:2      | Reached XP level 4. HP: 19/35 MP: 1/4
  2060 | D:3      | Gained mutation: You regenerate a little health from kills. [demonic ancestry]
  2060 | D:3      | Reached XP level 5. HP: 27/41 MP: 2/5
  2199 | D:3      | Found a shadowy altar of Dithmenos.
  2655 | D:4      | Found an oddly glowing altar of Pakellas.
  2827 | D:4      | Noticed Nordron's ghost (amateur NaTm)
  2837 | D:4      | Killed Nordron's ghost
  2837 | D:4      | Gained mutation: You have hoof-like feet. [demonic ancestry]
  2837 | D:4      | Reached XP level 6. HP: 48/48 MP: 6/6
  2887 | D:4      | Noticed Robin
  2916 | D:4      | Killed Robin
  3052 | D:4      | Got a spiked ring mail
  3063 | D:4      | Identified the +1 ring mail "Noac" {rC+ Str+3 Slay+5} (You found it on level 4 of the Dungeon)
  3697 | D:5      | Entered Level 5 of the Dungeon
  3734 | D:5      | Noticed Duvessa
  3734 | D:5      | Noticed Dowan
  3740 | D:5      | Killed Duvessa
  3740 | D:5      | Reached XP level 7. HP: 54/54 MP: 7/7
  3748 | D:5      | Killed Dowan
  3925 | D:5      | Reached skill level 5 in Shields
  3975 | D:5      | Reached skill level 1 in Stealth
  4375 | D:5      | Gained mutation: You regenerate health from kills. [demonic ancestry]
  4375 | D:5      | Reached XP level 8. HP: 61/61 MP: 8/8
  4528 | D:5      | Found Baypp's Assorted Antiques.
  4549 | D:5      | Bought a scroll of identify for 54 gold pieces
  4549 | D:5      | Bought a scroll labeled ZACASY YFIH for 27 gold pieces
  4549 | D:5      | Bought a scroll labeled GYTUPH KEDYWK for 27 gold pieces
  4549 | D:5      | Bought a scroll labeled ASKECU FEOMP for 27 gold pieces
  4549 | D:5      | Bought a murky grey potion for 24 gold pieces
  4881 | D:6      | Reached skill level 5 in Fighting
  4881 | D:6      | Reached skill level 5 in Armour
  4948 | D:6      | Found a blossoming altar of Fedhas.
  5079 | D:6      | Reached skill level 5 in Long Blades
  5419 | D:7      | Found a staircase to the Ecumenical Temple.
  5430 | Temple   | Entered the Ecumenical Temple
  5910 | D:7      | Gained mutation: You are surrounded by a mild repulsion field (EV +2). [demonic ancestry]
  5910 | D:7      | Reached XP level 9. HP: 69/69 MP: 9/9
  6431 | D:7      | Noticed Crazy Yiuf
  6436 | D:7      | Killed Crazy Yiuf
  6557 | D:8      | Noticed Erica
  6577 | D:8      | Found a glowing golden altar of the Shining One.
  6817 | D:8      | Found a shadowy altar of Dithmenos.
  6819 | D:8      | Found a staircase to the Lair.
  6872 | D:8      | Killed Erica
  7227 | Lair:1   | Entered Level 1 of the Lair of Beasts
  7272 | Lair:1   | Reached XP level 10. HP: 72/77 MP: 10/10
  7359 | Lair:1   | Noticed a spiny frog
  7366 | Lair:1   | Killed a spiny frog
  7581 | Lair:1   | Noticed a spiny frog
  7588 | Lair:1   | Killed a spiny frog
  7836 | Lair:1   | Noticed a spiny frog
  7843 | Lair:1   | Killed a spiny frog
  7843 | Lair:1   | Reached XP level 11. HP: 75/86 MP: 11/11
  7913 | Lair:1   | Noticed a seven-headed hydra
  7919 | Lair:1   | Killed a four-headed hydra
  8091 | Lair:1   | Got a heavily runed ring mail
  8105 | Lair:1   | Identified the +1 ring mail of the Depths {rPois Dex+3 Slay+4 Stlth-} (You found it on level 1 of the Lair of Beasts)
  8970 | Lair:2   | Found a blossoming altar of Fedhas.
  8982 | Lair:2   | Noticed an oklob plant
  9084 | Lair:2   | Noticed Fannar
  9100 | Lair:2   | Killed Fannar
  9315 | Lair:2   | You fall through a shaft for 2 floors!
  9529 | Lair:4   | Reached skill level 10 in Long Blades
  9885 | Lair:3   | Reached XP level 12. HP: 96/96 MP: 12/12
 10454 | Lair:4   | Noticed an eight-headed hydra
 10459 | Lair:4   | Killed a six-headed hydra
 10607 | Lair:4   | Noticed Rooftrellin's ghost (journeyman DsFi)
 10620 | Lair:4   | Killed Rooftrellin's ghost
 10819 | Lair:4   | Reached skill level 10 in Fighting
 10871 | Lair:4   | Reached skill level 10 in Shields
 10920 | Lair:4   | Noticed Rupert
 10923 | Lair:4   | Paralysed by Rupert for 2 turns
 10935 | Lair:4   | Killed Rupert
 11439 | Lair:5   | Got a faintly glowing bronze ring
 11450 | Lair:5   | Identified the ring of Liberty {rC+ Int+3} (You found it on level 5 of the Lair of Beasts)
 11606 | Lair:5   | Reached XP level 13. HP: 97/104 MP: 13/13
 11843 | Lair:5   | Got a pair of crude gloves
 11849 | Lair:5   | Identified the +0 pair of gloves of Caibboas {Int+3} (You acquired it on level 5 of the Lair of Beasts)
 12308 | Lair:6   | Found a hole to the Spider Nest.
 12437 | Lair:6   | Noticed Tagedieb's ghost (journeyman OpEn)
 12468 | Lair:6   | Killed Tagedieb's ghost
 12868 | Lair:6   | Found a staircase to the Swamp.
 13502 | Lair:7   | Got a scorched short sword
 13509 | Lair:7   | Identified the +7 short sword of Power {venom, rPois rF+ MP+9} (You found it on level 7 of the Lair of Beasts)
 14330 | Lair:8   | Entered Level 8 of the Lair of Beasts
 14334 | Lair:8   | Noticed Maud
 14716 | Lair:7   | Reached XP level 14. HP: 48/114 MP: 14/14
 15315 | Lair:8   | Noticed Flanowski's ghost (journeyman GrEE)
 15323 | Lair:8   | Killed Flanowski's ghost
 15329 | Lair:8   | Noticed schammes's ghost (journeyman OpAs)
 15787 | Lair:8   | Got a warped jade ring
 15789 | Lair:8   | Identified the ring of Xom's Wantonness {MR+ Str-5 Dex+3 SInv} (You found it on level 8 of the Lair of Beasts)
 16422 | Lair:8   | Found a burning altar of Makhleb.
 16453 | Lair:8   | Killed Maud
 16520 | Lair:8   | Reached skill level 1 in Short Blades
 16741 | Lair:8   | Got a steaming buckler
 16752 | Lair:8   | Identified the +3 buckler of the Bulwark {rPois Str+9 Stlth-} (You took it off a red devil on level 8 of the Lair of Beasts)
 16783 | Lair:8   | Found a gateway to Hell.
 17515 | Lair:6   | Found a staircase to the Slime Pits.
 18222 | Spider:1 | Entered Level 1 of the Spider Nest
 18751 | Lair:4   | Reached skill level 10 in Armour
 20129 | D:10     | Entered Level 10 of the Dungeon
 20479 | D:10     | Noticed Sonja
 20489 | D:10     | Killed Sonja
 20743 | D:10     | Noticed Grum
 20765 | D:10     | Killed Grum
 21315 | D:10     | Noticed Harold
 21342 | D:10     | Killed Harold
 21863 | Slime:1  | Entered Level 1 of the Pits of Slime
 21870 | Lair:6   | HP: 5/116 [oklob plant/splash of acid (10)]
 21870 | Lair:6   | Splashed by an oklob plant's acid

Skill      XL: |  1  2  3  4  5  6  7  8  9 10 11 12 13 14 |
---------------+-------------------------------------------+-----
Shields        | 3 4 5 6 7 8 9 10 12 13 | 13.4
Armour         | 3 4 5 6 7 8 9 10 | 10.2
Long Blades    | 2 3 5 7 8 10 11 12 13 | 13.6
Dodging        | 1 2 3 |  3.2
Fighting       | 4 5 6 8 9 10 11 12 | 12.5
Stealth        | 1 |  1.1
Short Blades   | 2 |  2.4
Evocations     | |  0.8

Action                   |  1- 3 |  4- 6 |  7- 9 | 10-12 | 13-15 || total
-------------------------+-------+-------+-------+-------+-------++-------
Melee: Long sword        |   122 |   193 |   271 |       |       ||   586
       Kick              |    20 |    52 |    99 |   196 |   428 ||   795
       Scimitar          |       |       |    22 |   467 |   773 ||  1262
       Short sword       |       |       |       |       |   218 ||   218
Throw: Tomahawk          |       |       |       |     7 |    13 ||    20
 Abil: Evoke Berserk Rag |       |     3 |     4 |     8 |     8 ||    23
Evoke: Wand              |       |       |     5 |       |    25 ||    30
  Use: Scroll            |       |     6 |     4 |     2 |    22 ||    34
       Potion            |       |       |     3 |     2 |    14 ||    19
 Stab: Distracted        |       |       |       |     1 |       ||     1
  Eat: Chunk             |       |    11 |    15 |    21 |    23 ||    70
       Beef jerky        |       |       |       |       |     1 ||     1
       Meat ration       |       |       |       |       |     3 ||     3
Armor: Scale mail        |    55 |    61 |       |       |       ||   116
       Leather armour    |       |     3 |       |       |       ||     3
       Ring mail         |       |    10 |    72 |   135 |   247 ||   464
       Skin              |       |       |       |    58 |       ||    58
Dodge: Dodged            |    46 |    65 |    98 |   243 |   362 ||   814
Block: Shield            |    77 |   115 |   136 |   317 |   119 ||   764
       Large shield      |       |       |       |       |   381 ||   381
       Buckler           |       |       |       |       |   186 ||   186
